AoeStats
← Mhafiki

Arabia

507191258Analyzed
3v3 RM · 14d ago on Sep 17, 2026· 54m 7s· 6 players
Game mode
Random Map
Map size
Normal (6 player)
Population
200
Speed
Normal
Resources
Standard
Victory
Conquest
Starting age
Dark Age
Ending age
Imperial Age
RankedLock teamsTeams togetherTeam positionsShared explorationLock speedFull tech treeHidden civsTurbo modeCheats
Victory
Defeat
🇺🇸 Dravidians · United States
1203
+11
🇺🇸 Malay · United States
1091
+15
🇺🇸 Hindustanis · United States
1079
+16
🇨🇦 Romans · Canada
1145
-18
🇨🇦 Khmer · Canada
1043
-12
🇨🇦 Ethiopians · Canada
1035
-12
DVaso
10:20 Feudal Age
10:46 Double-Bit Axe
10:40 Man-at-Arms
19:54 Castle Age
17:47 Loom
18:45 Forging
22:33 Iron Casting
22:19 Arson
22:36 Squires
26:37 Town Watch
26:50 Horse Collar
27:40 Pikeman
29:36 Wheelbarrow
30:15 Fletching
30:55 Bodkin Arrow
35:10 Imperial Age
38:07 Conscription
39:39 Blast Furnace
39:35 Halberdier
41:17 Forced Levy
41:47 Long Swordsman
42:36 Two-Handed Swordsman
43:49 Ballistics
45:03 Bow Saw
46:32 Heavy Plow
47:10 Elite Karambit Warrior
47:53 Bracer
49:01 Chemistry
52:34 Gold Mining
53:15 Crop Rotation
52:54 Siege Engineers
53:00 Masonry
52:46 Murder Holes
Triqem
7:20 Loom
10:53 Feudal Age
20:19 Castle Age
24:05 Wheelbarrow
24:01 Bloodlines
24:37 Stone Mining
24:40 Double-Bit Axe
25:30 Forging
24:58 Light Cavalry
25:52 Husbandry
26:46 Horse Collar
27:41 Husbandry
28:20 Bow Saw
29:54 Scale Barding Armor
31:24 Chain Barding Armor
32:47 Fletching
34:09 Iron Casting
35:16 Bodkin Arrow
35:28 Gold Mining
36:12 Scale Mail Armor
42:26 Imperial Age
40:29 Chain Mail Armor
41:22 Heavy Plow
42:02 Stone Shaft Mining
42:06 Gold Shaft Mining
43:16 Hand Cart
44:15 Blast Furnace
44:26 Plate Barding Armor
44:20 Conscription
45:50 Town Watch
46:20 Elite Ghulam
47:14 Siege Elephant
48:21 Heavy Camel Rider
49:20 Hussar
50:03 Imperial Camel Rider
Mhafiki
4:44 Loom
11:06 Feudal Age
12:17 Double-Bit Axe
12:12 Horse Collar
16:12 Castle Age
17:39 Thumb Ring
17:26 Fletching
28:36 Bow Saw
28:32 Heavy Plow
29:09 Wheelbarrow
34:11 Imperial Age
33:27 Hand Cart
33:15 Padded Archer Armor
33:11 Bodkin Arrow
34:32 Leather Archer Armor
35:57 Chemistry
35:27 Masonry
35:41 Gold Mining
36:53 Two-Man Saw
37:26 Chemistry
38:03 Husbandry
38:05 Bracer
38:35 Ring Archer Armor
39:26 Ballistics
38:30 Elite Elephant Archer
45:42 Masonry
53:10 Conscription
53:28 Hoardings
53:03 Medical Corps
53:13 Caravan
53:46 Coinage
53:27 Guilds
Karibou
8:12 Loom
10:20 Feudal Age
13:28 Castle Age
11:31 Double-Bit Axe
11:43 Horse Collar
15:59 Bow Saw
18:55 Scale Barding Armor
21:16 Forging
22:28 Wheelbarrow
24:24 Hand Cart
24:31 Heavy Plow
25:06 Bloodlines
26:29 Town Watch
27:07 Chain Barding Armor
27:19 Husbandry
31:28 Iron Casting
33:23 Gold Mining
33:27 Stone Mining
33:16 Light Cavalry
38:42 Imperial Age
36:27 Fletching
38:21 Bodkin Arrow
38:53 Cavalier
40:14 Gold Shaft Mining
40:18 Conscription
40:37 Hussar
42:34 Plate Barding Armor
43:27 Blast Furnace
Beaster
9:14 Feudal Age
7:29 Loom
10:26 Man-at-Arms
11:17 Scale Mail Armor
11:31 Double-Bit Axe
15:25 Horse Collar
18:48 Wheelbarrow
22:37 Castle Age
22:13 Forging
22:10 Fletching
23:44 Chain Mail Armor
22:57 Long Swordsman
23:38 Squires
23:56 Bow Saw
23:49 Gold Mining
29:19 Ballistics
32:01 Hand Cart
35:13 Heavy Plow
36:11 Iron Casting
41:07 Imperial Age
39:11 Ballistas
39:16 Murder Holes
40:04 Redemption
42:24 Block Printing
44:40 Scale Barding Armor
44:31 Bodkin Arrow
45:43 Chemistry
44:49 Siege Engineers
45:58 Chain Barding Armor
46:52 Bloodlines
46:43 Husbandry
46:03 Light Cavalry
47:26 Heavy Scorpion
[FCQC] Frankatroni
11:57 Feudal Age
10:15 Loom
22:42 Castle Age
20:28 Horse Collar
20:36 Double-Bit Axe
37:17 Imperial Age
37:43 Imperial Age
40:07 Crossbowman
40:53 Thumb Ring
42:00 Arbalester
47:47 Heavy Plow
53:19 Ballistics
Connection lost

Rejoining the realm…

Still unreachable

The connection could not be restored.

Session expired

The server has moved on; the page needs a fresh start.